 Dungeon Crawl Stone Soup version 0.26-a0-753-g4680b4fa2e (webtiles) character file.

Game seed: 7722569471674997015

4546 Queen the Fighter (level 10, -3/115 HPs)
             Began as an Ogre Gladiator on Nov 7, 2020.
             Was an Elder of Okawaru.
             Slain by a killer bee (7 damage)
             ... on level 8 of the Dungeon.
             The game lasted 00:36:24 (9127 turns).

Queen the Fighter (Ogre Gladiator)                  Turns: 9127, Time: 00:36:24

Health: -3/115     AC:  5    Str: 23    XL:     10   Next: 40%
Magic:  10/10      EV: 12    Int:  9    God:    Okawaru [****..]
Gold:   398        SH:  0    Dex: 10    Spells: 9/9 levels left

rFire    + . .     SeeInvis .   a - +0 giant spiked club
rCold    + . .     Faith    .   (shield currently unavailable)
rNeg     . . .     Spirit   .   b - +0 robe
rPois    +         Reflect  .   w - +2 hat
rElec    +         Harm     .   (no cloak)
rCorr    +         Rampage  .   (gloves unavailable)
MR       ++...                  (boots unavailable)
Stlth    +.........             c - amulet of regeneration
HPRegen  0.69/turn              i - ring of protection from magic
MPRegen  0.12/turn              (no ring)

@: confused, lethally poisoned (-3 -> -9), about to teleport, resistant
A: large, unfitting armour, tough skin 1
a: Heroism, Renounce Religion


You were on level 8 of the Dungeon.
You worshipped Okawaru.
Okawaru was greatly pleased with you.
You visited 1 branch of the dungeon, and saw 9 of its levels.

You collected 398 gold pieces.

Inventory:

Hand Weapons
 a - a +0 giant spiked club (weapon)
Missiles
 d - a throwing net
 l - 153 stones
 r - 31 poisoned darts
 z - a large rock (quivered)
Armour
 b - a +0 robe (worn)
 w - a +2 hat (worn)
Jewellery
 c - an amulet of regeneration (around neck)
 i - a ring of protection from magic (left hand)
 C - an uncursed ring of resist corrosion
Wands
 p - a wand of digging (7)
 s - a wand of disintegration (15)
 y - a wand of enslavement (6)
Scrolls
 g - 4 scrolls of remove curse
 h - 4 scrolls of teleportation
 j - a scroll of enchant armour {unknown}
 k - a scroll of noise {unknown}
 m - 3 scrolls of magic mapping {unknown}
 n - 5 scrolls of amnesia {unknown}
 q - a scroll of fear {unknown}
 t - a scroll of silence {unknown}
 x - a scroll of fog {unknown}
Potions
 e - a potion of mutation
 o - a potion of flight


   Skills:
 * Level 12.2 Fighting
 + Level 6.7 Maces & Flails
 + Level 7.0 Throwing
 + Level 6.6 Dodging


You had 9 spell levels left.
You didn't know any spells.
Your spell library was empty.

Dungeon Overview and Level Annotations

Branches:
Dungeon (9/15)             Temple (0/1) D:5
   Lair: D:8-11         Orc: D:9-12

Altars:
Elyvilon
Fedhas
Gozag
Hepliaklqana
Nemelex Xobeh
Okawaru
Qazlal
Ru
Trog
Vehumet
Wu Jian
Yredelemnul
The Shining One

Shops:
D:4 *

Annotations:
D:8 1 runed translucent door


Innate Abilities, Weirdness & Mutations

You are too large for most types of armour.
You have tough skin. (AC +1)


Message History

The killer bee completely misses you.
You are confused.
You feel invigorated.
You feel sick. The killer bee misses you. The killer bee stings you.
* * * LOW HITPOINT WARNING * * *
The killer bee stings you but does no damage.
The killer bee barely misses you.
The killer bee stings you but does no damage.
The killer bee stings you!
* * * LOW HITPOINT WARNING * * *
Okay, then.
You're too confused!
You feel protected.
* * * LOW HITPOINT WARNING * * *
You feel sick.
The killer bee stings you but does no damage.
The killer bee barely misses you. The killer bee misses you.
The killer bee stings you but does no damage. x2
The killer bee stings you!
You die...

# .. .# .##. .
.....
....#####......
.......@y...#
#.....y.y...#
#...#####..##
#.. ..# . .# ..
.# .#


You could see 3 killer bees.

Vanquished Creatures
  A troll (D:9)
  3 hogs (D:6)
  A yak (D:6)
  2 wyverns
  A human (D:7)
  Edmund (D:6)
  A water moccasin (D:9)
  An orc warrior (D:9)
  3 black bears
  An ice beast (D:7)
  A phantom (D:7)
  2 sky beasts (D:7)
  4 ogres
  3 centaurs
  4 bullfrogs
  A scorpion (D:9)
  2 killer bees (D:9)
  6 wights
  A bullfrog zombie (D:5)
  A jelly (D:5)
  2 hounds (D:8)
  3 bullfrog skeletons
  4 orc priests (D:7)
  4 iguanas
  Jessica (D:3)
  Natasha (thrice) (D:3)
  Terence (D:3)
  4 orc wizards
  9 worker ants
  A worker ant zombie (D:7)
  7 gnolls
  12 adders
  A shadow imp (D:5)
  A white imp (D:7)
  An ufetubus (D:5)
  An adder skeleton (D:4)
  2 worms
  A leopard gecko (D:5)
  22 orcs
  2 ball pythons
  9 bats
  4 giant cockroaches
  9 hobgoblins
  2 jackals (D:6)
  A quokka (D:4)
  4 frilled lizards
  A giant cockroach zombie (D:5)
  7 goblins
  6 kobolds
  A leopard gecko skeleton (D:5)
  A leopard gecko zombie (D:8)
  A quokka skeleton (D:9)
  5 rats
173 creatures vanquished.

Notes
Turn   | Place    | Note
-------+----------+-------------------------------------------
     0 | D:1      | Queen the Ogre Gladiator began the quest for the Orb.
     0 | D:1      | Reached XP level 1. HP: 22/22 MP: 1/1
   114 | D:1      | Reached skill level 3 in Fighting
   170 | D:1      | Reached XP level 2. HP: 28/31 MP: 2/2
   731 | D:2      | Reached XP level 3. HP: 15/37 MP: 3/3
  1465 | D:2      | Reached skill level 4 in Fighting
  1479 | D:2      | Reached XP level 4. HP: 41/48 MP: 4/4
  2170 | D:3      | Found a radiant altar of Vehumet.
  2176 | D:3      | Found a hazy altar of Hepliaklqana.
  2176 | D:3      | Noticed Terence
  2177 | D:3      | Found a basalt altar of Yredelemnul.
  2178 | D:3      | Noticed Jessica
  2217 | D:3      | Found an iron altar of Okawaru.
  2224 | D:3      | Noticed Natasha
  2233 | D:3      | Became a worshipper of Warmaster Okawaru
  2261 | D:3      | Killed Natasha
  2261 | D:3      | Reached XP level 5. HP: 39/55 MP: 5/5
  2311 | D:3      | Noticed Natasha
  2323 | D:3      | Killed Natasha
  2551 | D:3      | Noticed Natasha
  2561 | D:3      | Killed Natasha
  2561 | D:3      | Reached skill level 5 in Fighting
  2640 | D:3      | Killed Terence
  2640 | D:3      | Reached XP level 6. HP: 26/66 MP: 6/6
  2647 | D:3      | Killed Jessica
  3020 | D:3      | Found a sacrificial altar of Ru.
  3343 | D:4      | Found an opulent altar of Gozag.
  3701 | D:4      | Reached skill level 6 in Fighting
  3801 | D:4      | Found Vaukoakk's Elemental Accessories.
  3922 | D:4      | Reached XP level 7. HP: 53/76 MP: 7/7
  4187 | D:5      | Entered Level 5 of the Dungeon
  4200 | D:5      | Reached * piety under Okawaru
  4251 | D:5      | Found a blossoming altar of Fedhas.
  4591 | D:5      | Found a staircase to the Ecumenical Temple.
  4676 | D:5      | Reached skill level 7 in Fighting
  5131 | D:5      | Found a bloodstained altar of Trog.
  5280 | D:5      | Reached XP level 8. HP: 87/88 MP: 8/8
  5599 | D:6      | Found a stormy altar of Qazlal.
  5688 | D:5      | Reached ** piety under Okawaru
  5688 | D:5      | Reached skill level 8 in Fighting
  6086 | D:6      | Noticed Edmund
  6119 | D:6      | Killed Edmund
  6124 | D:6      | HP: 4/89 [iguana (1)]
  6875 | D:6      | Found an ornate altar of the Wu Jian Council.
  6875 | D:6      | Found a sparkling altar of Nemelex Xobeh.
  6978 | D:7      | Reached skill level 9 in Fighting
  6978 | D:7      | Reached skill level 5 in Maces & Flails
  6978 | D:7      | Reached skill level 5 in Throwing
  6978 | D:7      | Reached skill level 5 in Dodging
  7098 | D:7      | Reached XP level 9. HP: 65/100 MP: 9/9
  7499 | D:7      | Found a glowing golden altar of the Shining One.
  7515 | D:7      | Found a white marble altar of Elyvilon.
  7650 | D:7      | Reached skill level 10 in Fighting
  7706 | D:6      | Reached *** piety under Okawaru
  7802 | D:7      | Found an iron altar of Okawaru.
  8030 | D:6      | Reached skill level 11 in Fighting
  8441 | D:8      | Reached XP level 10. HP: 114/114 MP: 10/10
  8451 | D:8      | Found a runed translucent door.
  8561 | D:8      | Noticed a centaur warrior
  8581 | D:9      | Reached **** piety under Okawaru
  8892 | D:9      | Received a gift from Okawaru
  8892 | D:9      | Reached skill level 12 in Fighting
  9126 | D:8      | HP: 1/115 [killer bee (10)]
  9127 | D:8      | Slain by a killer bee

Illustrated notes

Levels and vault maps discovered:
D:1:      giann_bridges, layout_loops_ring
D:2:      layout_rooms, serial_bayou_pond_d
D:3:      layout_basic, nicolae_ru_the_path_less_chosen,
          chequers_temple_overflow_statue_of_worship, okawaru_gym_becter,
          uniq_terence, uniq_natasha, uniq_jessica
D:4:      layout_loops_ring, nicolae_gozag_cash_rules_everything_around_me,
          nicolae_elemental_shop, minivault_19
D:5:      layout_basic, fedhas_altar_2, minmay_temple_entry_nine_rooms,
          trog_three_pillars_becter
D:6:      layout_rooms, amethyst_overflow_temple_binary,
          nicolae_qazlal_general_emergency, uniq_edmund
D:7:      layout_rooms, kennysheep_mini_moat, lemuel_crystal_altar,
          elyvilon_altar_1, grunt_livestock, kennysheep_generic_room_11
D:8:      cheibrodos_histonic, layout_layer_cave, ebering_ghost_funeral_grove,
          serial_shops, nicolae_shop_stone, basic_altar,
          david_defended_altar_orc
D:9:      minmay_razor_zed, layout_rooms, nicolae_overflow_crystal_walls,
          uniq_erica

Skill      XL: |  1  2  3  4  5  6  7  8  9 10 |
---------------+-------------------------------+-----
Fighting       | 3 4 5 6 7 9 11 12 | 12.2
Maces & Flails | 3 4 5 6 |  6.7
Dodging        | 3 4 5 6 |  6.6
Throwing       | 3 4 5 6 7 |  7.0

Action                   |  1- 3 |  4- 6 |  7- 9 | 10-12 || total
-------------------------+-------+-------+-------+-------++-------
Melee: Flail             |    91 |   148 |       |       ||   239
       Giant club        |       |     8 |   234 |    55 ||   297
       Giant spiked club |       |       |       |     9 ||     9
Throw: Stone             |    28 |    95 |   114 |       ||   237
       Throwing net      |       |     4 |     1 |       ||     5
       Dart              |       |     3 |    63 |    30 ||    96
       Large rock        |       |       |       |     7 ||     7
Evoke: Wand              |       |       |     5 |       ||     5
  Use: Potion            |     1 |     2 |     1 |     3 ||     7
       Scroll            |       |     5 |     5 |     2 ||    12
 Stab: Sleeping          |     1 |       |       |       ||     1
Armor: Robe              |    26 |    33 |    36 |    28 ||   123
       Skin              |       |     8 |    33 |       ||    41
Dodge: Dodged            |    58 |   125 |   123 |    85 ||   391

Table legend: (Time is in decaauts)
 A = Elapsed time spent in this place.
 B = Non-inter-level travel time spent in this place.
 C = Inter-level travel time spent in this place.
 D = Time resting spent in this place.
 E = Time spent auto-exploring this place.
 F = Levels seen in this place.
 G = Mean time per level.
                   A        B        C        D        E       F      G
               +--------+--------+--------+--------+--------+-----+--------+
         Total |   9260 |   9148 |    112 |   3114 |   4205 |   9 | 1028.9 |
       Dungeon |   9260 |   9148 |    112 |   3114 |   4205 |   9 | 1028.9 |
               +--------+--------+--------+--------+--------+-----+--------+

Top non-repeatable levels by time:
     D:5: 2298 daAuts
     D:3: 1645 daAuts
     D:7: 1177 daAuts
     D:1: 974 daAuts
     D:4: 855 daAuts
     D:2: 767 daAuts
     D:6: 713 daAuts
     D:9: 575 daAuts
     D:8: 251 daAuts
